 Dungeon Crawl Stone Soup version 0.25.0-9-g26727b6 (webtiles) character file.

Game seed: 12357336177476576965

39 chaoswolf the Chopper (level 3, 0/29 HPs)
             Began as a Demonspawn Berserker on June 22, 2020.
             Was a Follower of Trog.
             Succumbed to an adder's poison
             ... on level 2 of the Dungeon.
             The game lasted 00:03:17 (1426 turns).

chaoswolf the Chopper (Demonspawn Berserker)        Turns: 1426, Time: 00:03:17

Health: 0/29       AC:  2    Str: 18    XL:     3   Next: 28%
Magic:  3/3        EV: 12    Int:  8    God:    Trog [*.....]
Gold:   56         SH:  0    Dex: 12    Spells: 2/2 levels left

rFire    . . .     SeeInvis .   a - +0 hand axe
rCold    . . .     Gourm    .   (no shield)
rNeg     . . .     Faith    .   b - +0 animal skin
rPois    .         Spirit   .   (no helmet)
rElec    .         Reflect  .   (no cloak)
rCorr    .         Harm     .   (no gloves)
MR       .....                  (no boots)
Stlth    +.........             (no amulet)
HPRegen  0.09/turn              (no ring)
MPRegen  0.08/turn              (no ring)

@: lethally poisoned (0 -> -12), berserk cooldown, slowed, very slow
A: powered by pain 1, rot immunity
a: Berserk, Renounce Religion


You were on level 2 of the Dungeon.
You worshipped Trog.
Trog was aware of your devotion.
You were not hungry.

You visited 1 branch of the dungeon, and saw 2 of its levels.

You collected 56 gold pieces.

Inventory:

Hand Weapons
 a - a +0 hand axe (weapon)
Armour
 b - a +0 animal skin (worn)
Scrolls
 h - a scroll of remove curse
Potions
 e - a potion of stabbing {unknown}
 f - a potion of haste {unknown}
 g - a potion of might {unknown}
 i - a potion of invisibility {unknown}
 j - 4 potions of curing {unknown}
 k - a potion of ambrosia {unknown}
Comestibles
 c - 4 rations
 l - a chunk of flesh


   Skills:
 + Level 3.3 Fighting
 + Level 3.3 Axes
 + Level 1.8 Armour
 + Level 2.3 Dodging
 + Level 0.3 Stealth


You had 2 spell levels left.
You didn't know any spells.
Your spell library was empty.

Dungeon Overview and Level Annotations

Branches:
Dungeon (2/15)

Altars:


Innate Abilities, Weirdness & Mutations

You sometimes gain a little power by taking damage.
You are immune to rotting.


Message History

Okay, then.
You barely miss the adder.
The adder is severely wounded.
* * * LOW HITPOINT WARNING * * *
You feel sick. The adder bites you.
* * * LOW HITPOINT WARNING * * *
You are more poisoned.
The adder poisons you! The adder bites you but does no damage.
You barely miss the adder.
The adder is severely wounded.
* * * LOW HITPOINT WARNING * * *
You feel sick. The adder barely misses you. The adder misses you.
You hit the adder.
The adder is almost dead.
* * * LOW HITPOINT WARNING * * *
You feel sick. The adder misses you. The adder closely misses you.
Unknown command.
You miss the adder.
The adder is almost dead.
You die...

). #. #.....# #......
...###.##..##.# #..#...
........#..##.####.....#
.......................#
....#....[..).....##...#
...........##.....##...#
........####(##..##...#
#.###....# #.##..##...#
#......@.# #)....##...#
#####..S.####.######...#
##[.....#.# ####...#
###.<....###.......
#.##.#..##.##...#
#.#.....##.##.###
#.#...........#
#.#........####
##########


You could see an adder.

Vanquished Creatures
  An adder (D:2)
  A dart slug (D:1)
  A leopard gecko (D:2)
  3 bats (D:1)
  4 hobgoblins
  7 kobolds
  A quokka (D:2)
  2 frilled lizards (D:1)
  2 goblins (D:1)
  4 rats
26 creatures vanquished.

Notes
Turn   | Place    | Note
-------+----------+-------------------------------------------
     0 | D:1      | chaoswolf the Demonspawn Berserker began the quest for the
                  | Orb.
     0 | D:1      | Reached XP level 1. HP: 18/18 MP: 1/1
   239 | D:1      | Gained mutation: You sometimes gain a little power by
                  | taking damage. [demonic ancestry]
   239 | D:1      | Reached XP level 2. HP: 24/24 MP: 2/2
  1288 | D:2      | Gained mutation: You are immune to rotting. [demonic
                  | ancestry]
  1288 | D:2      | Reached XP level 3. HP: 26/29 MP: 3/3
  1425 | D:2      | HP: 1/29 [poisoned by an adder]
  1426 | D:2      | Succumbed to an adder's poison

Illustrated notes

Levels and vault maps discovered:
D:1:      scummos_arrival_gate, layout_basic
D:2:      layout_basic, dk_noncrumbling_4

Skill      XL: |  1  2 |
---------------+-------+-----
Dodging        | 2 |  2.3
Axes           | 3 |  3.3
Fighting       | |  3.3
Armour         | |  1.8
Stealth        | |  0.3

Action                   || total
-------------------------++-------
Melee: Hand axe          ||    81
Invok: Berserk           ||     3
  Use: Scroll            ||     2
 Stab: Sleeping          ||     1
  Eat: Ration            ||     1
       Chunk             ||     1
Armor: Animal skin       ||    15
Dodge: Dodged            ||    77
